TOP OF THE 1ST |
Greeneville Astros batting - Pitching for Baltimore (APP) Orioles : RHP Bruce Yeager
|
Pitching: RHP Bruce Yeager
|
|
Batting: RHB Jarno van Lente
|
0-0: Ball 1-0: Ball 2-0: Ball 3-0: Called Strike 3-1: Called Strike 3-2: Foul Ball, location: 2F 3-2: Ground out 4-3 (Groundball, 4M, EV 90.6 MPH)
|
Batting: RHB Keith Goodwin
|
0-0: Ball 1-0: Called Strike 1-1: Swinging Strike 1-2: Ball 2-2: Foul Ball, location: 2F 2-2: Ball 3-2: Foul Ball, location: 2F 3-2: Foul Ball, location: 2F 3-2: Base on Balls
|
Batting: RHB Hugo Priego
|
0-0: Called Strike 0-1: Swinging Strike 0-2: Foul Ball, location: 2F 0-2: Ball 1-2: Ball 2-2: Foul Ball, location: 2F 2-2: Strikes out swinging
|
Batting: RHB John Moore
|
0-0: Swinging Strike 0-1: Swinging Strike 0-2: Strikes out looking
|
Top of the 1st over - 0 runs, 0 hits, 0 errors, 1 left on base; Greeneville 0 - Baltimore (APP) 0 |
BOTTOM OF THE 1ST |
Baltimore (APP) Orioles batting - Pitching for Greeneville Astros : LHP Guadalupe Gonzalez
|
Pitching: LHP Guadalupe Gonzalez
|
|
Batting: RHB Ruben Domingues
|
0-0: Called Strike 0-1: Ball 1-1: Ball 2-1: Called Strike 2-2: Ball 3-2: Foul Ball, location: 2F 3-2: Fly out, F9 (Flyball, 9, EV 89.4 MPH)
|
Batting: LHB Xue-liang Zhou
|
0-0: Foul Ball, location: 2F 0-1: Ball 1-1: Called Strike 1-2: Ball 2-2: Foul Ball, location: 2F 2-2: Ground out U3 (Groundball, 3L, EV 93.8 MPH)
|
Batting: SHB Eric Kelley
|
0-0: Foul Ball, location: 2F 0-1: DOUBLE (Flyball, 89XD, EV 100.0 MPH)
|
Batting: RHB C.J. Wells
|
0-0: Ball 1-0: Foul Ball, location: 2F 1-1: Called Strike 1-2: Foul Ball, location: 2F 1-2: Foul Ball, location: 2F 1-2: Reached on error, E6 (Groundball, 6, EV 107.5 MPH) Eric Kelley scores
|
Batting: LHB Chris Cohen
|
0-0: Called Strike 0-1: Ball 1-1: Called Strike 1-2: Ball 2-2: Foul Ball, location: 2F 2-2: Foul Ball, location: 2F 2-2: Ball 3-2: Strikes out looking
|
Bottom of the 1st over - 1 run, 1 hit, 1 error, 1 left on base; Greeneville 0 - Baltimore (APP) 1 |
TOP OF THE 2ND |
Greeneville Astros batting - Pitching for Baltimore (APP) Orioles : RHP Bruce Yeager
|
Batting: LHB Ryan Fridley
|
0-0: Ball 1-0: Ball 2-0: Ball 3-0: Base on Balls
|
Batting: RHB Domingas Saragoa
|
0-0: Swinging Strike 0-1: Ball 1-1: Grounds into double play, 6-4-3 (Groundball, 6, EV 78.8 MPH)
|
Batting: LHB Gong Tow
|
0-0: Swinging Strike 0-1: Ball 1-1: Foul Ball, location: 2F 1-2: Ball 2-2: Ball 3-2: Strikes out looking
|
Top of the 2nd over - 0 runs, 0 hits, 0 errors, 0 left on base; Greeneville 0 - Baltimore (APP) 1 |
BOTTOM OF THE 2ND |
Baltimore (APP) Orioles batting - Pitching for Greeneville Astros : LHP Guadalupe Gonzalez
|
Batting: LHB Jeremy Nuzzo
|
0-0: Ball 1-0: Swinging Strike 1-1: Called Strike 1-2: Ground out 6-3 (Groundball, 6, EV 103.8 MPH)
|
Batting: RHB Juan Eyrich
|
0-0: Ball 1-0: Foul Ball, location: 2F 1-1: SINGLE (Groundball, 6D, EV 104.4 MPH)
|
Batting: LHB Edwin Cabral
|
0-0: Ball 1-0: Ball 2-0: Ball 3-0: Base on Balls Juan Eyrich to second
|
Batting: LHB Ivan Alvarez
|
0-0: Ball 1-0: Ball 2-0: SINGLE (Line Drive, 8LS, EV 94.4 MPH) Juan Eyrich to third Edwin Cabral to second Runner from 3rd tries for Home, SAFE, throw by CF to home
|
Batting: RHB Ruben Domingues
|
0-0: Ball 1-0: Ball 2-0: Ball 3-0: Called Strike 3-1: Base on Balls Edwin Cabral to third Ivan Alvarez to second
|
Batting: LHB Xue-liang Zhou
|
0-0: Swinging Strike 0-1: Swinging Strike Passed Ball! Edwin Cabral scores Ivan Alvarez to third Ruben Domingues to second 0-2: Ball 1-2: Ball 2-2: Strikes out swinging
|
Batting: SHB Eric Kelley
|
0-0: Fly out, F6 (Line Drive, 6M, EV 67.5 MPH)
|
Bottom of the 2nd over - 2 runs, 2 hits, 0 errors, 2 left on base; Greeneville 0 - Baltimore (APP) 3 |
TOP OF THE 3RD |
Greeneville Astros batting - Pitching for Baltimore (APP) Orioles : RHP Bruce Yeager
|
Batting: LHB Guadalupe Gonzalez
|
0-0: Ground out U3 (Groundball, 3S, EV 83.8 MPH)
|
Batting: RHB Devon Healy
|
0-0: Ball 1-0: Called Strike 1-1: Fly out, F8 (Flyball, 8LD, EV 76.9 MPH)
|
Batting: RHB Jarno van Lente
|
0-0: Called Strike 0-1: Ball 1-1: Called Strike 1-2: Ground out 4-3 (Groundball, 4S, EV 66.9 MPH)
|
Top of the 3rd over - 0 runs, 0 hits, 0 errors, 0 left on base; Greeneville 0 - Baltimore (APP) 3 |
BOTTOM OF THE 3RD |
Baltimore (APP) Orioles batting - Pitching for Greeneville Astros : LHP Guadalupe Gonzalez
|
Batting: RHB C.J. Wells
|
0-0: Ball 1-0: Foul Ball, location: 2F 1-1: Foul Ball, location: 2F 1-2: Ball 2-2: Foul Ball, location: 2F 2-2: Strikes out swinging
|
Batting: LHB Chris Cohen
|
0-0: Ball 1-0: Ball 2-0: Ball 3-0: Called Strike 3-1: Called Strike 3-2: Foul Ball, location: 2F 3-2: Foul Ball, location: 2F 3-2: DOUBLE (Line Drive, 89M, EV 109.4 MPH)
|
Batting: LHB Jeremy Nuzzo
|
0-0: Ball 1-0: Ball 2-0: Foul Ball, location: 2F 2-1: Foul Ball, location: 2F 2-2: Ball 3-2: Foul Ball, location: 2F 3-2: Ground out U3 (Groundball, 34, EV 86.2 MPH) Chris Cohen to third
|
Batting: RHB Juan Eyrich
|
0-0: Ball 1-0: Called Strike 1-1: Ball 2-1: Ball 3-1: Base on Balls
|
Pitching: RHP Ernie Bell
|
|
Batting: LHB Edwin Cabral
|
0-0: Ball 1-0: Ball 2-0: Called Strike 2-1: SINGLE (Groundball, 34D, EV 94.4 MPH) Chris Cohen scores Juan Eyrich to second Runner from 2nd tries for 3rd, SAFE, throw by RF made to third
|
Batting: LHB Ivan Alvarez
|
0-0: Hit by Pitch Edwin Cabral to second
|
Batting: RHB Ruben Domingues
|
0-0: Fly out, F7 (Flyball, 7LD, EV 96.2 MPH)
|
Bottom of the 3rd over - 1 run, 2 hits, 0 errors, 3 left on base; Greeneville 0 - Baltimore (APP) 4 |
TOP OF THE 4TH |
Greeneville Astros batting - Pitching for Baltimore (APP) Orioles : RHP Bruce Yeager
|
Batting: RHB Keith Goodwin
|
0-0: Called Strike 0-1: Foul Ball, location: 2F 0-2: Strikes out swinging
|
Batting: RHB Hugo Priego
|
0-0: Called Strike 0-1: Ball 1-1: Ball 2-1: Called Strike 2-2: Foul Ball, location: 2F 2-2: Fly out, F7 (Flyball, 7, EV 95.6 MPH)
|
Batting: RHB John Moore
|
0-0: Foul Ball, location: 2F 0-1: Ball 1-1: Ball 2-1: Foul Ball, location: 2F 2-2: Foul Ball, location: 2F 2-2: Ball 3-2: SINGLE (Groundball, 6MD, EV 110.0 MPH)
|
Batting: LHB Ryan Fridley
|
0-0: Foul Ball, location: 2F 0-1: Ball 1-1: Ground out 4-3 (Groundball, 34, EV 98.8 MPH)
|
Top of the 4th over - 0 runs, 1 hit, 0 errors, 1 left on base; Greeneville 0 - Baltimore (APP) 4 |
BOTTOM OF THE 4TH |
Baltimore (APP) Orioles batting - Pitching for Greeneville Astros : RHP Ernie Bell
|
Batting: LHB Xue-liang Zhou
|
0-0: Ball 1-0: Fly out, F5 (Line Drive, 56, EV 65.6 MPH)
|
Batting: SHB Eric Kelley
|
0-0: Swinging Strike 0-1: Ball 1-1: Swinging Strike 1-2: Ball 2-2: SINGLE (Groundball, 4D, EV 98.8 MPH)
|
Batting: RHB C.J. Wells
|
0-0: Called Strike 0-1: Ball 1-1: Ball 2-1: Ball 3-1: Foul Ball, location: 2F 3-2: Base on Balls Eric Kelley to second
|
Batting: LHB Chris Cohen
|
0-0: Ball 1-0: Fly out, F7 (Line Drive, 78D, EV 95.0 MPH)
|
Batting: LHB Jeremy Nuzzo
|
0-0: Ball 1-0: Swinging Strike 1-1: Called Strike 1-2: Strikes out swinging
|
Bottom of the 4th over - 0 runs, 1 hit, 0 errors, 2 left on base; Greeneville 0 - Baltimore (APP) 4 |
TOP OF THE 5TH |
Greeneville Astros batting - Pitching for Baltimore (APP) Orioles : RHP Bruce Yeager
|
Batting: RHB Domingas Saragoa
|
0-0: Foul Ball, location: 2F 0-1: Ground out 6-3 (Groundball, 6, EV 81.9 MPH)
|
Batting: LHB Gong Tow
|
0-0: Ball 1-0: Ball 2-0: Ball 3-0: Swinging Strike 3-1: Base on Balls
|
Batting: LHB Guadalupe Gonzalez
|
0-0: Reached on error, E1 (Groundball, 34S, EV 65.0 MPH) Gong Tow to second
|
Batting: RHB Devon Healy
|
0-0: Ball 1-0: Grounds into double play, 4-6-3 (Groundball, 4, EV 81.2 MPH)
|
Top of the 5th over - 0 runs, 0 hits, 1 error, 1 left on base; Greeneville 0 - Baltimore (APP) 4 |
BOTTOM OF THE 5TH |
Baltimore (APP) Orioles batting - Pitching for Greeneville Astros : RHP Ernie Bell
|
Batting: RHB Juan Eyrich
|
0-0: SINGLE (Groundball, 13, EV 80.6 MPH) (infield hit)
|
Batting: LHB Edwin Cabral
|
0-0: Ball 1-0: Swinging Strike 1-1: Ball Wild Pitch! Juan Eyrich to second 2-1: Ball 3-1: Base on Balls
|
Batting: LHB Ivan Alvarez
|
0-0: Ball Wild Pitch! Juan Eyrich to third Edwin Cabral to second 1-0: Called Strike 1-1: Ball 2-1: Ground out 1-3 (Groundball, 13S, EV 70.0 MPH)
|
Pitching: RHP Kuaika Anakala
|
|
Batting: RHB Ruben Domingues
|
0-0: DOUBLE (Flyball, 9LD, EV 108.8 MPH) Juan Eyrich scores Edwin Cabral scores
|
Batting: LHB Xue-liang Zhou
|
0-0: Swinging Strike 0-1: Foul Ball, location: 2F 0-2: Ball 1-2: DOUBLE (Line Drive, 89D, EV 110.0 MPH) Ruben Domingues scores
|
Batting: SHB Eric Kelley
|
0-0: Reached on error, E5 (Groundball, 56, EV 83.1 MPH) Xue-liang Zhou to third
|
Batting: RHB C.J. Wells
|
0-0: Called Strike 0-1: Called Strike 0-2: Strikes out swinging
|
Batting: LHB Chris Cohen
|
0-0: Swinging Strike 0-1: Ball 1-1: Foul Ball, location: 2F 1-2: Ball 2-2: Ball 3-2: Base on Balls Eric Kelley to second
|
Batting: LHB Jeremy Nuzzo
|
0-0: GRAND SLAM HOME RUN (Line Drive, 9D, EV 106.9 MPH), Distance : 397 ft
|
Pitching: RHP Vinny Salazar
|
|
Batting: RHB Juan Eyrich
|
0-0: SINGLE (Line Drive, 78S, EV 107.5 MPH)
|
Batting: LHB Edwin Cabral
|
0-0: Ball 1-0: SINGLE (Groundball, P, EV 82.5 MPH) (infield hit) Juan Eyrich to second
|
Batting: LHB Ivan Alvarez
|
0-0: Called Strike 0-1: Called Strike 0-2: Ground out 5-3 (Groundball, 56, EV 101.2 MPH)
|
Bottom of the 5th over - 7 runs, 6 hits, 1 error, 2 left on base; Greeneville 0 - Baltimore (APP) 11 |
TOP OF THE 6TH |
Greeneville Astros batting - Pitching for Baltimore (APP) Orioles : RHP Bruce Yeager
|
Batting: RHB Jarno van Lente
|
0-0: Called Strike 0-1: Ball 1-1: Foul Ball, location: 2F 1-2: Ball 2-2: Ground out 6-3 (Groundball, 6MS, EV 90.6 MPH)
|
Batting: RHB Keith Goodwin
|
0-0: Called Strike 0-1: Ball 1-1: Hit by Pitch
|
Batting: RHB Hugo Priego
|
0-0: Ball 1-0: Called Strike 1-1: Ball 2-1: Ball 3-1: Called Strike 3-2: Fielders Choice at 2nd, 4-6 (Groundball, 4M, EV 101.9 MPH)
|
Pitching: LHP Sueo Iba
|
|
Batting: RHB John Moore
|
0-0: Foul Ball, location: 2F 0-1: Foul Ball, location: 2F 0-2: Ball 1-2: Ball 2-2: Strikes out looking
|
Top of the 6th over - 0 runs, 0 hits, 0 errors, 1 left on base; Greeneville 0 - Baltimore (APP) 11 |
BOTTOM OF THE 6TH |
Baltimore (APP) Orioles batting - Pitching for Greeneville Astros : RHP Vinny Salazar
|
Batting: RHB Ruben Domingues
|
0-0: Ball 1-0: Ball 2-0: Ball 3-0: Called Strike 3-1: Base on Balls
|
Batting: LHB Xue-liang Zhou
|
0-0: Ball 1-0: DOUBLE (Flyball, 8LXD, EV 96.2 MPH) Ruben Domingues to third
|
Batting: SHB Eric Kelley
|
0-0: Called Strike 0-1: Ball 1-1: Foul Ball, location: 2F 1-2: TRIPLE (Flyball, 9LD, EV 96.2 MPH) Ruben Domingues scores Xue-liang Zhou scores
|
Batting: RHB C.J. Wells
|
0-0: Foul Ball, location: 2F 0-1: Ball 1-1: Ball 2-1: Ground out 4-3 (Groundball, 4, EV 105.6 MPH) Eric Kelley scores
|
Batting: LHB Chris Cohen
|
0-0: Called Strike 0-1: Hit by Pitch
|
Pitching: LHP Chase Smith
|
|
Batting: LHB Jeremy Nuzzo
|
0-0: Ball 1-0: Ball Wild Pitch! Chris Cohen to second 2-0: Ground out 6-3 (Groundball, 6, EV 85.6 MPH)
|
Batting: RHB Juan Eyrich
|
0-0: SINGLE (Groundball, 4MD, EV 104.4 MPH) Chris Cohen to third Runner from 3rd tries for Home, SAFE, throw by CF to home
|
Batting: LHB Edwin Cabral
|
0-0: Called Strike 0-1: Ball 1-1: Called Strike 1-2: Ball Wild Pitch! Juan Eyrich to second 2-2: DOUBLE (Groundball, 3L, EV 110.6 MPH) Juan Eyrich scores
|
Batting: LHB Ivan Alvarez
|
0-0: Hit by Pitch
|
Batting: RHB Ruben Domingues
|
0-0: Fielders Choice at 2nd, 6-4 (Groundball, 6, EV 103.1 MPH)
|
Bottom of the 6th over - 5 runs, 4 hits, 0 errors, 2 left on base; Greeneville 0 - Baltimore (APP) 16 |
TOP OF THE 7TH |
Greeneville Astros batting - Pitching for Baltimore (APP) Orioles : LHP Sueo Iba
|
Batting: LHB Ryan Fridley
|
0-0: Ball 1-0: Ball 2-0: Ball 3-0: Called Strike 3-1: Base on Balls
|
Batting: RHB Domingas Saragoa
|
0-0: Ball 1-0: Ball 2-0: Ball 3-0: Called Strike 3-1: Base on Balls Ryan Fridley to second
|
Batting: LHB Gong Tow
|
0-0: DOUBLE (Line Drive, 9LM, EV 101.2 MPH) Ryan Fridley scores Domingas Saragoa to third
|
Batting: LHB Guadalupe Gonzalez
|
0-0: Ball 1-0: Foul Ball, location: 2F 1-1: Fly out, F6 (Popup, 6, EV 56.2 MPH)
|
Batting: RHB Devon Healy
|
0-0: Ball 1-0: Foul Ball, location: 2F 1-1: Called Strike 1-2: Strikes out swinging
|
Batting: RHB Jarno van Lente
|
0-0: Ball 1-0: Ball Wild Pitch! Domingas Saragoa scores Gong Tow to third 2-0: Ball 3-0: Base on Balls
|
Batting: RHB Keith Goodwin
|
0-0: Called Strike 0-1: Ball Wild Pitch! Gong Tow scores Jarno van Lente to second 1-1: Ball 2-1: Ball 3-1: Base on Balls
|
Batting: RHB Hugo Priego
|
0-0: Ball 1-0: Foul Ball, location: 2F 1-1: Called Strike 1-2: Ball 2-2: Ball 3-2: Base on Balls Jarno van Lente to third Keith Goodwin to second
|
Batting: RHB John Moore
|
0-0: Foul Ball, location: 2F 0-1: Foul Ball, location: 2F 0-2: Ball 1-2: Strikes out swinging
|
Top of the 7th over - 3 runs, 1 hit, 0 errors, 3 left on base; Greeneville 3 - Baltimore (APP) 16 |
BOTTOM OF THE 7TH |
Baltimore (APP) Orioles batting - Pitching for Greeneville Astros : LHP Chase Smith
|
Pinch Hitting: RHB Imbart van Rens
|
0-0: Ball 1-0: Ball 2-0: Swinging Strike 2-1: Ball 3-1: Swinging Strike 3-2: Strikes out looking
|
Batting: SHB Eric Kelley
|
0-0: Called Strike 0-1: Called Strike 0-2: Ball 1-2: SINGLE (Line Drive, 8RS, EV 108.1 MPH)
|
Pitching: RHP Tim Evans
|
|
Batting: RHB C.J. Wells
|
0-0: Ball 1-0: Called Strike 1-1: Foul Ball, location: 2F 1-2: Strikes out looking
|
Pinch Hitting: RHB Dou-wan Pan
|
0-0: Ball 1-0: SINGLE (Line Drive, 34D, EV 100.0 MPH) Eric Kelley to second Runner from 2nd tries for 3rd, SAFE, throw by RF made to third
|
Batting: LHB Jeremy Nuzzo
|
0-0: Swinging Strike 0-1: Swinging Strike 0-2: Strikes out swinging
|
Bottom of the 7th over - 0 runs, 2 hits, 0 errors, 2 left on base; Greeneville 3 - Baltimore (APP) 16 |
TOP OF THE 8TH |
Greeneville Astros batting - Pitching for Baltimore (APP) Orioles : LHP Sueo Iba
|
Now at 1B: Minoru Matsumoto
|
|
Now at 3B: Dou-wan Pan
|
|
Batting: LHB Ryan Fridley
|
0-0: Ball 1-0: Foul Ball, location: 2F 1-1: Ball 2-1: Ball 3-1: Called Strike 3-2: Strikes out swinging
|
Batting: RHB Domingas Saragoa
|
0-0: Foul Ball, location: 2F 0-1: Ground out 3-1 (Groundball, 34S, EV 87.5 MPH)
|
Batting: LHB Gong Tow
|
0-0: Called Strike 0-1: Swinging Strike 0-2: Foul Ball, location: 2F 0-2: Ball 1-2: Strikes out looking
|
Top of the 8th over - 0 runs, 0 hits, 0 errors, 0 left on base; Greeneville 3 - Baltimore (APP) 16 |
BOTTOM OF THE 8TH |
Baltimore (APP) Orioles batting - Pitching for Greeneville Astros : RHP Tim Evans
|
Batting: RHB Juan Eyrich
|
0-0: Called Strike 0-1: Ball 1-1: Ground out 4-3 (Groundball, 4S, EV 84.4 MPH)
|
Batting: LHB Edwin Cabral
|
0-0: SINGLE (Line Drive, 56D, EV 100.6 MPH)
|
Pinch Hitting: RHB Javier Brizuela
|
0-0: Ball 1-0: Called Strike 1-1: DOUBLE (Line Drive, 78D, EV 106.2 MPH) Edwin Cabral to third
|
Batting: RHB Ruben Domingues
|
0-0: Called Strike 0-1: Called Strike 0-2: DOUBLE (Line Drive, 9LM, EV 96.2 MPH) Edwin Cabral scores Javier Brizuela scores
|
Batting: RHB Minoru Matsumoto
|
0-0: Called Strike 0-1: Foul Ball, location: 2F 0-2: Strikes out swinging
|
Batting: SHB Eric Kelley
|
0-0: Ball 1-0: Called Strike 1-1: Ball 2-1: Foul Ball, location: 2F 2-2: Foul Ball, location: 2F 2-2: Fly out, F9 (Flyball, 9, EV 86.2 MPH)
|
Bottom of the 8th over - 2 runs, 3 hits, 0 errors, 1 left on base; Greeneville 3 - Baltimore (APP) 18 |
TOP OF THE 9TH |
Greeneville Astros batting - Pitching for Baltimore (APP) Orioles : LHP Sueo Iba
|
Now at SS: Javier Brizuela
|
|
Batting: LHB Guadalupe Gonzalez
|
0-0: Ball 1-0: Ball 2-0: Swinging Strike 2-1: Ball 3-1: Base on Balls
|
Pitching: RHP Harold Price
|
|
Batting: RHB Devon Healy
|
0-0: 2-RUN HOME RUN (Flyball, 78XD, EV 116.9 MPH), Distance : 446 ft
|
Batting: RHB Jarno van Lente
|
0-0: Ball 1-0: Called Strike 1-1: Foul Ball, location: 2F 1-2: Ball 2-2: Ball 3-2: Ground out 3-1 (Groundball, 34, EV 101.2 MPH)
|
Batting: RHB Keith Goodwin
|
0-0: SINGLE (Line Drive, 7S, EV 98.8 MPH)
|
Batting: RHB Hugo Priego
|
0-0: Ball 1-0: Ball 2-0: Ball 3-0: Called Strike 3-1: Fly out, F8 (Flyball, 89XD, EV 91.9 MPH)
|
Batting: RHB John Moore
|
0-0: Foul Ball, location: 2F 0-1: Ball 1-1: Fly out, F5 (Popup, 5SF, EV 77.5 MPH)
|
Top of the 9th over - 2 runs, 2 hits, 0 errors, 1 left on base; Greeneville 5 - Baltimore (APP) 18 |
|